 Dungeon Crawl Stone Soup version bcrawl-1.27.6 (webtiles) character file.

Game seed: 6532844604084086532

117265 Krehm the Cudgeler (level 5, -8/41 HPs)
             Began as an Oni Skald on Sept 10, 2020.
             Was a Believer of Lugonu.
             Killed by divine providence
             ... invoked by an orc priest
              (11 damage)
             ... on level 3 of the Dungeon on Sept 11, 2020.
             The game lasted 00:16:13 (3506 turns).

Krehm the Cudgeler (Oni Skald)                      Turns: 3506, Time: 00:16:14

Health: -8/41      AC:  3    Str: 15    XL:     5   Next: 53%
Magic:  8/9        EV: 11    Int: 14    God:    Lugonu [**....]
Gold:   151        SH:  0    Dex: 11    Spells: 3/6 levels left

rFire    . . .     SeeInvis .   a - +0 mace
rCold    . . .     Gourm    .   (no shield)
rNeg     . . .     Faith    .   b - +0 leather armour
rPois    .         Spirit   .   (helmet restricted)
rElec    .         Reflect  .   (no cloak)
rCorr    .         Harm     .   (no gloves)
MR       .....                  (no boots)
Stlth    +.........             (no amulet)
HPRegen  0.13/turn              (no ring)
MPRegen  0.11/turn              (no ring)

@: no status effects
A: oni magic, claws 1, fangs 1, horns 1
a: Depart the Abyss, Bend Space, Banish, Renounce Religion


You were on level 3 of the Dungeon.
You worshipped Lugonu.
Lugonu was pleased with you.
You were not hungry.

You visited 1 branch of the dungeon, and saw 3 of its levels.

You collected 151 gold pieces.

Inventory:

Hand Weapons
 a - a +0 mace (weapon)
Missiles
 g - 73 poisoned needles
 m - 535 stones (quivered)
Armour
 b - a +0 leather armour (worn)
 p - a +0 chain mail
Scrolls
 d - 2 scrolls of fear
 h - 6 scrolls of teleportation
 j - 4 scrolls of remove curse {unknown}
 k - a scroll of immolation {unknown}
 l - a scroll of identify
 s - a scroll of amnesia {unknown}
Potions
 c - a potion of haste
 f - a potion of might
 i - 2 potions of brilliance
 n - a potion of mutation {unknown}
 o - a potion of berserk rage {unknown}
 q - a potion of curing {unknown}
 r - a potion of lignification {unknown}
 t - a potion of resistance {unknown}
Comestibles
 e - 7 rations {!d}
 u - 2 chunks of flesh


   Skills:
 - Level 2.0 Fighting
 * Level 5.4 Maces & Flails
 - Level 0.8 Armour
 - Level 1.7 Dodging
 - Level 0.1 Stealth
 - Level 1.3 Spellcasting
   Level 1.3 Conjurations
   Level 1.3 Hexes
   Level 1.3 Charms
   Level 1.3 Summonings
   Level 1.3 Necromancy
   Level 1.3 Translocations
   Level 1.3 Transmutations
   Level 1.3 Fire Magic
   Level 1.3 Ice Magic
   Level 1.3 Air Magic
   Level 1.3 Earth Magic
   Level 1.3 Poison Magic
 + Level 2.6 Invocations


You had 3 spell levels left.
You knew the following spells:

 Your Spells              Type           Power        Failure   Level  Hunger
a - Infusion              Chrm           #.......     16%         1    None
b - Song of Slaying       Chrm           #.......     24%         2    ###....

Your spell library contained the following spells:

 Spells                   Type           Power        Failure   Level  Hunger
 Flame Tongue             Conj/Fire      #....        19%         1    None
 Passwall                 Tmut/Erth      #.......     26%         2    ###....
 Ozocubu's Armour         Chrm/Ice       #.......     47%         3    #####..
 Regeneration             Chrm/Necr      #.........   47%         3    #####..
 Spectral Weapon          Hex/Chrm       #.......     47%         3    #####..


Dungeon Overview and Level Annotations

Branches:
Dungeon (3/12)

Altars:
Lugonu
Uskayaw


Innate Abilities, Weirdness & Mutations

You learn spells by gaining experience, not through books or religion.
You only train spellcasting to practice magic.
You have sharp fingernails.
You have very sharp teeth.
You have a pair of small horns on your head.


Message History

The orc priest mumbles some strange prayers to Beogh against you.
Beogh smites you!
* * * LOW HITPOINT WARNING * * *
You hit the orc priest.
The orc priest is severely wounded.
The orc priest barely misses you.
You hit the orc priest but do no damage.
Your headbutt misses the orc priest.
The orc priest is severely wounded.
The orc priest barely misses you.
You closely miss the orc priest.
The orc priest is severely wounded.
You are no longer magically infusing your attacks.
The orc priest hits you with a +0 hand axe.
* * * LOW HITPOINT WARNING * * *
You closely miss the orc priest. Your bite misses the orc priest.
The orc priest is severely wounded.
The orc priest invokes the aid of Beogh against you.
Beogh smites you!
You die...

######...###### #.†.#
#...# #...#
#########...#
#.......##.####
#####(#####.......#
#...(.......##o##.#
#............@.##.#
#.##.....##....##.#
#.##.....##[....#.####
#.##.................#
#.................##.#
#.##.##..###...#####.#
#..............#
#.########
####.#########.###
#.##.....# #.# #.....#
#.##.###.#


You could see an orc priest.

Vanquished Creatures
  Terence (D:2)
  2 iguanas
  2 adders (D:2)
  An ooze (D:2)
  2 worms
  A dart slug (D:2)
  5 leopard geckos
  An orc (D:2)
  3 giant cockroaches
  2 goblins
  6 hobgoblins
  3 jackals (D:3)
  7 kobolds
  4 quokkas
  10 bats
  6 frilled lizards
  6 rats
62 creatures vanquished.

Notes
Turn   | Place    | Note
-------+----------+-------------------------------------------
     0 | D:1      | Krehm the Oni Skald began the quest for the Orb.
     0 | D:1      | Reached XP level 1. HP: 17/17 MP: 4/4
   343 | D:1      | Reached XP level 2. HP: 9/24 MP: 4/6
   539 | D:1      | Learned a level 2 spell: Song of Slaying
   554 | D:1      | Reached skill level 3 in Maces & Flails
  1337 | D:2      | Reached XP level 3. HP: 29/29 MP: 7/7
  1412 | D:2      | Found a corrupted altar of Lugonu.
  1433 | D:2      | Became a worshipper of Lugonu the Unformed
  1561 | D:2      | Reached skill level 4 in Maces & Flails
  1820 | D:2      | Reached skill level 1 in Invocations
  1870 | D:2      | Reached XP level 4. HP: 27/36 MP: 8/8
  2138 | D:2      | Noticed Terence
  2156 | D:2      | Killed Terence
  2227 | D:2      | Reached ** piety under Lugonu
  2610 | D:2      | Reached skill level 5 in Maces & Flails
  2610 | D:2      | Reached XP level 5. HP: 13/41 MP: 7/9
  3477 | D:3      | Found a hide-covered altar of Uskayaw.
  3506 | D:3      | Killed from afar by an orc priest

Skill      XL: |  1  2  3  4 |
---------------+-------------+-----
Maces & Flails | 3 4 5 |  5.4
Invocations    | 1 2 |  2.6
Fighting       | |  2.0
Armour         | |  0.8
Dodging        | |  1.7
Stealth        | |  0.1
Spellcasting   | |  1.3
Conjurations   | |  1.3
Hexes          | |  1.3
Charms         | |  1.3
Summonings     | |  1.3
Necromancy     | |  1.3
Translocations | |  1.3
Transmutations | |  1.3
Fire Magic     | |  1.3
Ice Magic      | |  1.3
Air Magic      | |  1.3
Earth Magic    | |  1.3
Poison Magic   | |  1.3

Action                   |  1- 3 |  4- 6 || total
-------------------------+-------+-------++-------
Melee: Mace              |   104 |   127 ||   231
       Headbutt          |    16 |    11 ||    27
       Bite              |     5 |    14 ||    19
 Cast: Infusion          |     4 |    10 ||    14
       Song of Slaying   |       |     1 ||     1
  Use: Scroll            |     4 |       ||     4
  Eat: Chunk             |     6 |    10 ||    16
Armor: Leather armour    |    30 |    31 ||    61
Dodge: Dodged            |    64 |    76 ||   140
